 Dungeon Crawl Stone Soup version 0.31-a0-261-g072fdb8a1f (webtiles) character file.

Game seed: 7320279381936512198

955 qw the Skirmisher (level 7, -2/61 HPs)
             Began as a Minotaur Hexslinger on July 13, 2023.
             Killed from afar by a white imp (12 damage)
             ... with a puff of frost
             ... on level 5 of the Dungeon.
             The game lasted 00:01:57 (4133 turns).

qw the Skirmisher (Minotaur Hexslinger)             Turns: 4133, Time: 00:01:58

Health: -2/61      AC:  6    Str: 12    XL:     7   Next: 91%
Magic:  7/7        EV: 11    Int: 10    God:
Gold:   214        SH:  0    Dex: 15    Spells: 7/8 levels left

rFire   . . .        Y - +1 sling
rCold   . . .        (no shield)
rNeg    . . .        d - +0 ring mail
rPois   .            m - +1 hat
rElec   .            (no cloak)
rCorr   .            (no gloves)
SInv    .            (no boots)
Will    .....        (no amulet)
Stlth   +            (no ring)
HPRegen 0.30/turn    (no ring)
MPRegen 0.10/turn

%: no passive effects
@: no status effects
A: horns 2, retaliatory headbutt
a: no special abilities


You were on level 5 of the Dungeon.
You visited 1 branch of the dungeon, and saw 5 of its levels.

You collected 242 gold pieces.
You spent 28 gold pieces at shops.


Innate Abilities, Weirdness & Mutations

You have a pair of horns on your head.
You reflexively headbutt those who attack you in melee.


   Skills:
 - Level 5.0 Fighting
 - Level 9.0 Ranged Weapons
 + Level 1.2 Armour
 - Level 2.1 Dodging
 - Level 1.0 Spellcasting
 - Level 2.0 Hexes


You had 7 spell levels left.
You knew the following spells:

 Your Spells              Type           Power      Damage    Failure   Level
a - Slow                  Hex            16%        N/A       34%         1

Your spell library contained the following spells:

 Spells                   Type           Power      Damage    Failure   Level
 Inner Flame              Hex/Fire       2%         N/A       83%         3
 Portal Projectile        Hex/Tloc       4%         N/A       83%         3
 Cause Fear               Hex            2%         N/A       98%         4

Inventory:

Hand Weapons
 Y - a +1 sling (weapon)
Armour
 d - a +0 ring mail (worn)
 m - a +1 hat (worn)
Scrolls
 h - a scroll of identify
Potions
 a - a potion of degeneration {unknown}
 b - a potion of might
 e - a potion of cancellation
 g - a potion of curing
 j - a potion of mutation {unknown}
 k - a potion of resistance {unknown}

Dungeon Overview and Level Annotations

Branches:
Dungeon (5/15)
 Temple: D:4-7

Altars:
Makhleb
Qazlal
Yredelemnul

Shops:
D:3 *


Message History

The adder is heavily wounded.
You feel sick. The adder barely misses you.
The white imp shouts, "Accept thy doom, thou mewling clay-brained bootlicker!"
The adder misses you. You furiously retaliate!
You headbutt the adder. You shoot a sling bullet.
The sling bullet hits the adder.
You kill the adder!
You feel sick.
You shoot a sling bullet.
The sling bullet closely misses the white imp.
You feel sick.
The white imp sputters.
The white imp gestures at you. The puff of frost hits you.
You shoot a sling bullet.
The sling bullet hits the white imp but does no damage.
You feel sick.
You shoot a sling bullet.
The sling bullet hits the white imp but does no damage.
You feel sick.
You shoot a sling bullet. The sling bullet hits the white imp.
The white imp is lightly wounded.
You feel sick.
You are no longer poisoned.
The white imp gestures at you. The puff of frost hits you.
You shoot a sling bullet. The sling bullet hits the white imp.
The white imp is moderately wounded.
The white imp hits you but does no damage.
You shoot a sling bullet.
The sling bullet hits the white imp but does no damage.
The white imp is moderately wounded.
The white imp hits you but does no damage.
You shoot a sling bullet.
The sling bullet closely misses the white imp.
The white imp hits you. The white imp freezes you.
You shoot a sling bullet.
The sling bullet closely misses the white imp.
The white imp gestures at you. The puff of frost hits you!
You die...

#.....'...........
#.....##.##.#.....
#.......<.........
#......####.#.....
#.............####
#.##'#..###.#.#
#.##.#..# #.#.#
#.##.#..# #.#.#
#@##...####.#.#
#5##........#.#
#.##..#####.#.#
#.##..# #.#.#
#.##..# ###.####
#.##..#######.....
#..............###
...#.#########.#
... #.#


You could see a white imp.

Vanquished Creatures
  Menkaure (D:5)
  A black bear (D:4)
  An ogre (D:5)
  A phantom (D:5)
  Blork the orc (D:5)
  2 bullfrogs (D:4)
  A howler monkey (D:4)
  3 hounds (D:5)
  A gnoll bouda (D:5)
  A sleepcap (D:4)
  An iguana (D:4)
  An orc wizard (D:5)
  A gnoll (D:1)
  4 adders
  A shadow imp (D:5)
  An ufetubus (D:4)
  A worm (D:3)
  6 dart slugs
  5 orcs
  8 endoplasms
  5 giant cockroaches
  5 goblins
  6 hobgoblins
  6 jackals (D:1)
  2 quokkas (D:1)
  8 ball pythons
  10 bats
  5 frilled lizards
  9 kobolds
  3 rats (D:1)
101 creatures vanquished.

Notes
Turn   | Place    | Note
-------+----------+-------------------------------------------
     0 | D:1      | qw the Minotaur Hexslinger began the quest for the Orb.
     0 | D:1      | Reached XP level 1. HP: 16/16 MP: 1/1
     0 | D:1      | 0 ||| qw: Version: 0.3-a-52-g30416fa
     0 | D:1      | 0 ||| qw: Game counter: 6969
     0 | D:1      | 0 ||| qw: Melee chars always use a shield: true
     0 | D:1      | 0 ||| qw: God list: Okawaru
     0 | D:1      | 0 ||| qw: Allow faded altars: false
     0 | D:1      | 0 ||| qw: Do Orc after clearing Dungeon:15 true
     0 | D:1      | 0 ||| qw: Do second Lair branch before Depths: true
     0 | D:1      | 0 ||| qw: Lair rune preference: random
     0 | D:1      | 0 ||| qw: Goals: Normal
     0 | D:1      | 0 ||| PLANNING D:1-11
    10 | D:1      | 10 ||| FLEEEEING.
    11 | D:1      | 11 ||| FLEEEEING.
    12 | D:1      | 12 ||| FLEEEEING.
    13 | D:1      | 13 ||| FLEEEEING.
    14 | D:1      | 14 ||| FLEEEEING.
    72 | D:1      | Reached skill level 3 in Ranged Weapons
    77 | D:1      | Reached XP level 2. HP: 17/23 MP: 2/2
   311 | D:1      | Reached XP level 3. HP: 9/29 MP: 3/3
   697 | D:1      | Reached skill level 4 in Ranged Weapons
   862 | D:1      | 862 ||| UPGRADING to +0 ring mail.
   872 | D:1      | 872 ||| DROPPING +0 robe.
   873 | D:1      | 873 ||| READING scroll labelled UZXUIQE GYGEGU.
   874 | D:1      | 874 ||| READING 3 scrolls labelled BOQUCL ROJURPH.
   878 | D:1      | 878 ||| DROPPING scroll of poison.
   984 | D:2      | You fall into a shaft and drop 1 floor!
  1060 | D:2      | Reached skill level 1 in Armour
  1103 | D:2      | Reached XP level 4. HP: 31/36 MP: 4/4
  1583 | D:2      | 1583 ||| READING scroll labelled WIV ZIUSCHOEDGHI.
  1584 | D:2      | 1584 ||| DRINKING 2 ruby potions.
  1629 | D:3      | Found a burning altar of Makhleb.
  1629 | D:3      | Found a basalt altar of Yredelemnul.
  1655 | D:3      | Found a faded altar of an unknown god.
  1668 | D:3      | Found Dakied's Assorted Antiques.
  1674 | D:3      | 1674 ||| BUYING metallic emerald potion (28 gold).
  1674 | D:3      | Bought a metallic emerald potion for 28 gold pieces
  2023 | D:3      | 2023 ||| DRINKING 2 yellow potions.
  2025 | D:3      | 2025 ||| READING 2 scrolls of identify.
  2025 | D:3      | 2025 ||| IDENTIFYING sedimented silvery potion
  2026 | D:3      | 2026 ||| DROPPING potion of lignification.
  2152 | D:3      | 2152 ||| DRINKING 3 inky potions.
  2153 | D:3      | 2153 ||| DROPPING 2 potions of brilliance.
  2178 | D:3      | Reached skill level 5 in Ranged Weapons
  2281 | D:4      | Noticed a bullfrog
  2288 | D:4      | Killed a bullfrog
  2289 | D:4      | Reached skill level 3 in Fighting
  2289 | D:4      | Reached XP level 5. HP: 38/46 MP: 5/5
  2312 | D:4      | Noticed a black bear
  2321 | D:4      | Killed a black bear
  2390 | D:4      | Reached skill level 6 in Ranged Weapons
  2390 | D:4      | Reached XP level 6. HP: 51/52 MP: 6/6
  2472 | D:4      | 2472 ||| Stepping ~*~*~tactically~*~*~ (water).
  2593 | D:4      | HP: 12/53 [sleepcap (20)]
  2594 | D:4      | 2594 ||| READING 3 scrolls of teleportation.
  3139 | D:4      | 3139 ||| UPGRADING to +1 hat.
  3144 | D:4      | 3144 ||| READING scroll labelled HACWAH BIUSMYWNOE.
  3145 | D:4      | 3145 ||| READING scroll labelled YLESHA WOTECECK.
  3146 | D:4      | 3146 ||| READING scroll labelled ORUFUA BEUGO.
  3234 | D:4      | 3234 ||| READING 4 scrolls of identify.
  3234 | D:4      | 3234 ||| IDENTIFYING amethyst potion
  3235 | D:4      | 3235 ||| READING 3 scrolls of identify.
  3235 | D:4      | 3235 ||| IDENTIFYING grey potion
  3236 | D:4      | 3236 ||| READING 2 scrolls of identify.
  3236 | D:4      | 3236 ||| IDENTIFYING metallic emerald potion
  3237 | D:4      | 3237 ||| DROPPING potion of attraction.
  3300 | D:5      | Entered Level 5 of the Dungeon
  3306 | D:5      | 3306 ||| STAIRDANCE
  3312 | D:4      | HP: 13/53 [howler monkey (5)]
  3313 | D:4      | 3313 ||| READING 2 scrolls of teleportation.
  3313 | D:4      | HP: 5/53 [scorpion (4)]
  3314 | D:4      | 3314 ||| DRINKING potion of heal wounds.
  3481 | D:5      | HP: 11/53 [orc/+0 dagger (3)]
  3482 | D:5      | Reached skill level 7 in Ranged Weapons
  3482 | D:5      | Reached XP level 7. HP: 12/60 MP: 7/7
  3482 | D:5      | 3482 ||| READING scroll of teleportation.
  3486 | D:5      | HP: 7/60 [poisoned by an orc]
  3705 | D:5      | Noticed Blork the orc
  3717 | D:5      | Killed Blork the orc
  3728 | D:5      | 3728 ||| FLEEEEING.
  3753 | D:5      | Noticed Menkaure
  3761 | D:5      | Killed Menkaure
  3762 | D:5      | Reached skill level 8 in Ranged Weapons
  3853 | D:5      | Found a stormy altar of Qazlal.
  4123 | D:5      | Reached skill level 9 in Ranged Weapons
  4129 | D:5      | HP: 14/61 [white imp/puff of frost (5)]
  4133 | D:5      | Killed from afar by a white imp

Levels and vault maps discovered:
D:1:      dpeg_arrival_stonehenge_8_columns, layout_basic
D:2:      layout_basic, kennysheep_path_1, chequers_serial_rivers_small_b
D:3:      layout_basic, gammafunk_temple_overflow_statue, serial_shops,
          nicolae_shop_tiny_real_fake_doors, basic_ecumenical_altar,
          serial_curves, eino_curves_02, eino_curves_04, eino_curves_04,
          minmay_puff
D:4:      layout_basic, minmay_crystal_water
D:5:      layout_basic, marbit_many_paths, serial_shops, nicolae_shop_stone,
          uniq_grinder, uniq_blork_the_orc, uniq_pikel, uniq_menkaure

Skill      XL: |  1  2  3  4  5  6  7 |
---------------+----------------------+-----
Ranged Weapons | 3 4 5 6 7 9 |  9.0
Fighting       | 2 3 4 5 |  5.0
Armour         | 1 |  1.2
Dodging        | |  2.1
Spellcasting   | |  1.0
Hexes          | |  2.0

Action                     |  1- 3 |  4- 6 |  7- 9 || total
---------------------------+-------+-------+-------++-------
   Fire: Sling             |   129 |   194 |   100 ||   423
    Use: Scroll            |     2 |    10 |     1 ||    13
         Potion            |       |     4 |       ||     4
 Armour: Robe              |    12 |       |       ||    12
         Ring mail         |     3 |    45 |    17 ||    65
  Dodge: Dodged            |    33 |    87 |    33 ||   153

Table legend:
 A = Non-vault XP
 B = Vault XP
 C = Vault XP percentage of total XP
 D = Non-vault monster count
 E = Vault monster count
 F = Vault count percentage of total count
                 A         B        C        D         E       F
            +---------+---------+-------+---------+---------+-------
      Total |    1049 |     316 |  23.2 |      96 |       5 |   5.0
            +---------+---------+-------+---------+---------+-------
        D:1 |      70 |       0 |   0.0 |      33 |       0 |   0.0
        D:2 |      38 |       0 |   0.0 |      15 |       0 |   0.0
        D:3 |      39 |       8 |  17.0 |      18 |       2 |  10.0
        D:4 |     471 |       0 |   0.0 |      18 |       0 |   0.0
        D:5 |     431 |     308 |  41.7 |      12 |       3 |  20.0
            +---------+---------+-------+---------+---------+-------
